AoeStats
← bs-32

Arena

510545191Analyzed
2v2 RM · 16h ago on Oct 1, 2026· 72m 15s· 4 players
Game mode
Random Map
Map size
Medium (4 player)
Population
200
Speed
Normal
Resources
Standard
Victory
Conquest
Starting age
Dark Age
Ending age
Imperial Age
RankedLock teamsTeams togetherTeam positionsShared explorationLock speedFull tech treeHidden civsTurbo modeCheats
Victory
Defeat
🇪🇸 Sicilians · Spain
769
+7
🇬🇷 Persians · Greece
467
+19
🇧🇷 Byzantines · Brazil
625
-16
🇮🇹 Burmese · Italy
471
-10
GleisOn!
10:37 Feudal Age
13:27 Double-Bit Axe
23:04 Castle Age
21:43 Horse Collar
21:57 Gold Mining
22:00 Stone Mining
22:37 Scale Barding Armor
23:23 Forging
23:17 Scale Mail Armor
24:12 Husbandry
26:08 Guard Tower
27:37 Bow Saw
27:41 Fortified Wall
27:57 Fervor
30:52 Gold Shaft Mining
31:11 Greek Fire
31:19 Greek Fire
36:10 Imperial Age
35:08 Ballistics
34:44 Murder Holes
37:20 Gambesons
38:46 Logistica
39:48 Heavy Camel Rider
40:52 Chain Barding Armor
41:08 Iron Casting
40:36 Squires
40:23 Arson
42:20 Keep
43:04 Chemistry
41:51 Arrowslits
43:20 Hoardings
43:06 Conscription
44:34 Two-Man Saw
43:37 Heavy Plow
44:14 Stone Shaft Mining
45:12 Bombard Tower
47:02 Wheelbarrow
46:14 Loom
46:39 Treadmill Crane
47:41 Plate Barding Armor
47:22 Chain Mail Armor
51:02 Elite Cataphract
53:01 Plate Mail Armor
51:54 Elite Varangian Guard
53:24 Hand Cart
62:31 Pikeman
66:23 Sanctity
66:50 Man-at-Arms
bs-32
13:42 Feudal Age
14:21 Horse Collar
15:39 Gold Mining
15:40 Stone Mining
16:44 Loom
22:00 Castle Age
23:01 Man-at-Arms
23:49 Long Swordsman
24:24 Crossbowman
25:50 Gold Shaft Mining
26:34 Padded Archer Armor
26:48 Forging
26:39 Scale Mail Armor
26:44 Scale Barding Armor
28:52 Husbandry
29:04 Bloodlines
28:57 Gambesons
29:17 Squires
36:12 Imperial Age
36:32 Two-Handed Swordsman
crissheller
0:31 Loom
10:13 Feudal Age
10:46 Town Watch
11:35 Double-Bit Axe
15:37 Horse Collar
21:48 Castle Age
22:34 Stone Mining
31:06 Imperial Age
30:56 Heated Shot
31:20 Masonry
34:50 Fletching
35:01 Padded Archer Armor
35:02 Scale Mail Armor
35:12 Forging
36:30 Conscription
36:26 Sappers
37:31 Murder Holes
37:57 Ballistics
40:32 Hoardings
40:59 Bodkin Arrow
41:20 Leather Archer Armor
41:20 Chain Mail Armor
43:02 Iron Casting
45:06 Chemistry
46:38 Elite Serjeant
47:54 Heavy Plow
49:22 Gold Mining
50:25 Capped Ram
52:11 Cavalier
56:02 Plate Mail Armor
60:39 Blast Furnace
59:40 Bracer
71:38 Siege Ram
Dream
0:36 Loom
13:12 Feudal Age
14:23 Horse Collar
14:31 Double-Bit Axe
16:53 Wheelbarrow
17:29 Gold Mining
17:31 Stone Mining
17:49 Town Watch
25:06 Castle Age
25:34 Light Cavalry
26:25 Bloodlines
26:15 Husbandry
25:47 Crossbowman
26:54 Parthian Tactics
27:38 Scale Barding Armor
29:02 Gold Shaft Mining
29:50 Bow Saw
30:31 Caravan
30:33 Padded Archer Armor
33:51 Stone Shaft Mining
34:31 Hand Cart
36:12 Thumb Ring
35:31 Elite Skirmisher
36:41 Heavy Plow
40:43 Chain Barding Armor
40:24 Scale Mail Armor
40:30 Guard Tower
40:38 Murder Holes
40:55 Masonry
43:07 Chain Mail Armor
43:07 Leather Archer Armor
42:43 Fletching
43:04 Forging
48:21 Imperial Age
46:11 Kamandaran
48:45 Ballistics
49:09 Iron Casting
48:29 Bodkin Arrow
48:05 Cavalier
49:16 Conscription
49:33 Hoardings
50:32 Plate Barding Armor
50:28 Plate Mail Armor
50:28 Ring Archer Armor
51:05 Two-Man Saw
50:56 Crop Rotation
51:29 Heavy Camel Rider
54:07 Blast Furnace
54:09 Chemistry
53:40 Architecture
60:37 Elite War Elephant
Connection lost

Rejoining the realm…

Still unreachable

The connection could not be restored.

Session expired

The server has moved on; the page needs a fresh start.